 Dungeon Crawl Stone Soup version 0.31.0-1-g2c135a0 (webtiles) character file.

Game seed: 6017433872369926079

173 jagoly the Chopper (level 5, 0/33 HPs)
             Began as a Gargoyle Monk on Jan 26, 2024.
             Slain by a bullfrog (6 damage)
             ... in a sewer.
             The game lasted 00:08:28 (1015 turns).

jagoly the Chopper (Gargoyle Monk)                  Turns: 1015, Time: 00:08:29

Health: 0/33       AC:  8    Str: 17    XL:     5   Next: 53%
Magic:  5/5        EV: 12    Int: 10    God:
Gold:   53         SH:  0    Dex: 12    Spells: 4/4 levels left

rFire   . . .        a - +0 hand axe
rCold   . . .        d - orb {light}
rNeg    + . .        b - +0 robe
rPois   ∞            (no helmet)
rElec   +            i - +0 cloak
rCorr   .            f - +0 pair of gloves
SInv    .            (no boots)
Will    .....        (no amulet)
Stlth   +            (no ring)
HPRegen 0.25/turn    (no ring)
MPRegen 0.09/turn

%: no passive effects
@: glowing
A: sickness immunity, AC +4, negative energy resistance 1, electricity
resistance, torment resistance 1, petrification resistance
a: no special abilities


You were in a sewer.
You visited 1 branch of the dungeon, and saw 4 of its levels.
You also visited: Sewer.

You collected 53 gold pieces.

Inventory:

Hand Weapons
 a - a +0 hand axe (weapon)
Missiles
 e - 36 stones (quivered)
Armour
 b - a +0 robe (worn)
 d - an orb of light (worn)
 f - a +0 pair of gloves (worn)
 i - a +0 cloak (worn)
Scrolls
 g - a scroll of blinking {unknown}
 j - 2 scrolls of identify {unknown}
 l - 2 scrolls of torment {unknown}
 o - a scroll of fear {unknown}
Potions
 c - a potion of ambrosia
 h - a potion of attraction {unknown}
 k - a potion of invisibility {unknown}
 m - 4 potions of heal wounds {unknown}
 n - a potion of curing {unknown}
 p - a potion of mutation {unknown}


   Skills:
 - Level 4.0 Fighting
 * Level 4.8 Axes
 - Level 2.4 Dodging
 - Level 2.0 Stealth


You had 4 spell levels left.
You didn't know any spells.
Your spell library contained the following spells:

 Spells                   Type           Power      Damage    Failure   Level
 Summon Blazeheart Golem  Fire/Summ      0%         N/A       98%         4
 Orb of Destruction       Conj           0%         9d5       100%        7
 Spellforged Servitor     Conj/Summ      0%         N/A       100%        7


Dungeon Overview and Level Annotations

Branches:
Dungeon (4/15) Zot: 23171   Sewer (1/1) Zot: 5759
 Temple: D:4-7

Altars:
Fedhas
Yredelemnul

Shops:
D:3 :


Innate Abilities, Weirdness & Mutations

You are immune to sickness and miasma.
Your stone body is resilient. (AC +4)
You are immune to poison.
You resist negative energy. (rN+)
You are resistant to electric shocks. (rElec)
You are resistant to unholy torment.
You are immune to petrification.


Message History

You hit the hobgoblin.
You kill the hobgoblin!
You see here a hobgoblin corpse.
You hit the rat.
You kill the rat!
No target in view!
You hear the brisk rusting of a very distant drain.
You see here a fizzy black potion.
k - a fizzy black potion
Found a book of Dangerous Friends.
The ribbon worm expels a string of sticky webbing.
The stream of webbing hits you but does no damage.
You are caught in a web!
There is a web here.
The web tears apart.
You hit the ribbon worm.
The ribbon worm is moderately wounded.
You hit the ribbon worm.
The ribbon worm is moderately wounded.
The ribbon worm closely misses you.
You hit the ribbon worm.
The ribbon worm is heavily wounded.
The ribbon worm expels a string of sticky webbing.
The stream of webbing misses you.
You hit the ribbon worm.
The ribbon worm is severely wounded.
The ribbon worm expels a string of sticky webbing.
The stream of webbing hits you but does no damage.
You are caught in a web!
The web tears apart.
The ribbon worm closely misses you.
You slash the ribbon worm!
The ribbon worm is almost dead.
The ribbon worm bites you but does no damage.
You hit the ribbon worm but do no damage.
The ribbon worm is almost dead.
The ribbon worm expels a string of sticky webbing.
The stream of webbing misses you.
You hit the ribbon worm.
The ribbon worm is almost dead.
The ribbon worm barely misses you.
You hit the ribbon worm.
You kill the ribbon worm!
No target in view!
You pick up a book of Dangerous Friends and begin reading...
You add the spells Summon Blazeheart Golem, Orb of Destruction and Spellforged Servitor to your library.
You hear the brisk rusting of a very distant drain.
Found Text's Book Shoppe.
There is an entrance to Text's Book Shoppe here.
You hear the brisk rusting of a very distant drain.
Unknown command.
You hit the giant cockroach.
You kill the giant cockroach!
You hear the quick rusting of a very distant drain.
Found a scroll labelled KEOMIN ZION.
Found a bubbling purple potion.
l - a scroll labelled KEOMIN ZION
Found an emerald potion.
m - a bubbling purple potion
Found a glowing drain.
A ribbon worm comes into view.
A giant cockroach comes into view.
There are no items here.
You hear the quick rusting of a drain.
You see here an emerald potion.
n - an emerald potion The giant cockroach bites you.
You hit the giant cockroach but do no damage.
The giant cockroach closely misses you. x2
You barely miss the giant cockroach. The giant cockroach barely misses you.
You hit the giant cockroach.
You kill the giant cockroach!
You see here a giant cockroach corpse.
You enter the shallow water.
Moving in this stuff is going to be slow.
There is a glowing drain here.
The world spins around you as you enter the gateway.
You enter a sewer!
Found a gate leading back out of this place.
There is an empty arch of ancient stone here.
You enter the shallow water.
Moving in this stuff is going to be slow.
Why would you want to do that? Why would you want to do that?
A rat and a ball python come into view.
The rat squeaks loudly.
The ball python hisses angrily.
A ball python comes into view. x2
The rat moves out of view.
A river rat comes into view.
A frilled lizard comes into view.
The ball python hisses angrily.
The frilled lizard hisses angrily.
The ball python hisses angrily.
The ball python bites you but does no damage.
The ball python closely misses you. The ball python barely misses you.
The ball python grabs you. The ball python constricts you.
You escape the ball python's grasp.
The ball python bites you but does no damage.
The ball python closely misses you.
A rat comes into view.
The ball python bites you but does no damage.
The ball python barely misses you. x2; The ball python grabs you.
The ball python constricts you. The ball python barely misses you.
A rat comes into view.
You escape the ball python's grasp.
The rat squeaks loudly.
You hear a loud squeak. x2
The ball python closely misses you. x2; The ball python barely misses you.
The ball python closely misses you.
The rat twitches its whiskers.
The ball python attacks as it pursues you!
The ball python barely misses you. x2
You completely miss the ball python.
The rat squeaks loudly.
You hit the ball python.
You kill the ball python!
The ball python closely misses you. The ball python barely misses you.
The ball python bites you. The ball python grabs you.
The ball python constricts you. The ball python closely misses you.
You hit the ball python.
You kill the ball python!
You hit the ball python.
The ball python bites you but does no damage.
The ball python closely misses you.
You hit the ball python.
You kill the ball python!
You hit the frilled lizard. You barely miss the rat.
The frilled lizard closely misses you. The rat closely misses you.
The frilled lizard bites you but does no damage.
You hit the frilled lizard.
You kill the frilled lizard!
You slash the river rat! You hit the rat.
You kill the rat!
The river rat bites you. The river rat closely misses you.
You completely miss the river rat.
The river rat is severely wounded.
You hit the rat.
You kill the rat!
The river rat closely misses you.
You hit the river rat.
You kill the river rat!
You barely miss the rat. The rat bites you but does no damage.
You barely miss the rat. The rat barely misses you.
A rat comes into view.
The rat squeaks loudly.
You hit the rat.
The rat is heavily wounded.
The rat bites you but does no damage.
You slash the rat!
You kill the rat!
Things that are here:
a rat corpse; a ball python corpse A rat comes into view.
You barely miss the rat. The rat bites you but does no damage.
The rat squeaks loudly.
You hit the rat.
You kill the rat!
You slash the rat!
You kill the rat!
No target in view!
No target in view!
You enter the shallow water.
Moving in this stuff is going to be slow.
Why would you want to do that?
You enter the shallow water.
Moving in this stuff is going to be slow.
A rat comes into view.
An adder comes into view.
The adder hisses angrily.
A ball python comes into view.
The ball python hisses angrily.
You hear an angry hiss.
A rat comes into view.
The adder misses you. The adder bites you but does no damage.
The rat bites you. The adder closely misses you.
You barely miss the adder. You hit the rat.
You kill the rat!
The adder barely misses you.
You slash the adder!
The adder is almost dead.
The adder barely misses you. The adder bites you.
The ball python barely misses you. x2
You hit the adder but do no damage.
The adder is almost dead.
You hit the ball python but do no damage.
The adder bites you but does no damage. The ball python barely misses you.
The ball python closely misses you.
You hit the adder but do no damage.
The adder is almost dead.
You barely miss the ball python. The adder closely misses you.
The ball python misses you. The ball python grabs you.
The ball python constricts you. The adder bites you.
You slash the ball python!
You kill the ball python!
You closely miss the adder. The adder barely misses you.
You hit the adder.
You kill the adder!
An adder comes into view.
You have reached level 4!
You feel stronger.
The adder hisses angrily.
The adder bites you but does no damage.
You hit the adder but do no damage. The adder closely misses you.
You hit the adder.
The adder is heavily wounded.
The adder barely misses you. The adder bites you but does no damage.
You hit the adder.
The adder is severely wounded.
The adder bites you but does no damage.
You hit the adder but do no damage.
The adder is severely wounded.
The adder bites you but does no damage.
You closely miss the adder.
The adder is severely wounded.
The adder misses you. The adder bites you but does no damage.
You hit the adder.
You kill the adder!
Training target 2.0 for Stealth reached!
Training target 4.0 for Fighting reached!
Your Fighting skill increases to level 4!
Your Stealth skill increases to level 2!
No target in view!
A rat comes into view.
The rat squeaks loudly.
The rat closely misses you.
You barely miss the rat. The rat bites you but does no damage.
You hit the rat but do no damage. You hit the rat.
You kill the rat!
The rat bites you but does no damage.
You hit the rat.
You kill the rat!
No target in view!
You open the door.
Found a bubbling purple potion.
Found a scroll labelled KEOMIN ZION.
There is an open door here.
m - 2 bubbling purple potions (gained 1)
l - 2 scrolls labelled KEOMIN ZION (gained 1)
There is an open door here.
You enter the shallow water.
Moving in this stuff is going to be slow.
Why would you want to do that?
Found 22 gold pieces.
Why would you want to do that?
Unknown command.
You now have 44 gold pieces (gained 13).
You now have 53 gold pieces (gained 9).
You enter the shallow water.
Moving in this stuff is going to be slow.
A rat and a ball python come into view.
The rat squeaks loudly.
The ball python hisses angrily.
You hear an angry hiss.
You hear a loud squeak.
A ball python comes into view. x2
Why would you want to do that?
The ball python hisses angrily.
The rat closely misses you. The ball python bites you.
The ball python closely misses you.
You hit the rat.
You kill the rat!
You hit the ball python. The ball python closely misses you.
The ball python grabs you. The ball python constricts you.
A rat comes into view.
You barely miss the ball python.
The ball python is moderately wounded.
The rat squeaks loudly.
You hear an angry hiss.
The ball python barely misses you. The ball python constricts you.
The ball python bites you.
The ball python bites you but does no damage.
The ball python constricts you.
You slash the ball python!
You kill the ball python!
You hit the ball python.
You kill the ball python!
You barely miss the ball python. The ball python misses you.
The ball python barely misses you.
A rat comes into view.
You hit the ball python.
The ball python is moderately wounded.
The ball python bites you. The ball python grabs you.
The ball python constricts you. The ball python barely misses you.
The ball python constricts you.
You hit the ball python.
You kill the ball python!
The rat misses you.
You see here a rat corpse.
You hit the rat but do no damage. The rat bites you but does no damage.
You hit the rat.
You kill the rat!
You slash the rat!
You kill the rat!
No target in view!
No target in view!
A rat comes into view.
The rat squeaks loudly.
You hear an angry hiss.
An adder comes into view.
You hear a loud squeak.
You hit the rat.
You kill the rat!
You hit the adder.
The adder is moderately wounded.
The adder bites you but does no damage. The adder closely misses you.
You hit the adder but do no damage.
The adder is lightly wounded.
A rat comes into view.
The adder closely misses you.
You hit the adder.
The adder is severely wounded.
The adder bites you.
You hit the adder.
The adder is almost dead.
The adder barely misses you. The adder bites you but does no damage.
You barely miss the adder.
The adder is almost dead.
The adder closely misses you.
You closely miss the adder.
The adder is almost dead.
The adder barely misses you.
A rat comes into view.
The adder bites you.
You barely miss the adder.
The adder is almost dead.
A frilled lizard comes into view.
The adder bites you. The rat barely misses you.
The rat squeaks loudly.
You slash the adder!
You kill the adder!
You hit the rat.
You kill the rat!
Your Axes skill increases to level 4!
The frilled lizard unfolds its giant frill.
Things that are here:
an adder corpse; a rat corpse You hit the rat.
You kill the rat!
The frilled lizard bites you but does no damage.
You see here a rat corpse.
You closely miss the frilled lizard. The frilled lizard bites you.
You closely miss the frilled lizard. The frilled lizard bites you.
You hit the frilled lizard.
You kill the frilled lizard!
No target in view!
No target in view!
No target in view!
You open the door.
Found four items.
There is an open door here.
o - a scroll labelled QEPNUGIMNE
m - 4 bubbling purple potions (gained 2)
p - a brown potion
j - 2 scrolls labelled TUYCYH VOVVEUR (gained 1)
There is an open door here.
You enter the shallow water.
Moving in this stuff is going to be slow.
You enter the shallow water.
Moving in this stuff is going to be slow.
A ball python comes into view.
The ball python hisses angrily.
You hear a croak. 2 frilled lizards, 2 ball pythons and an adder come into view.
The ball python hisses angrily.
The frilled lizard hisses angrily.
The ball python hisses angrily.
The adder hisses angrily.
A bullfrog comes into view. x2
The ball python bites you but does no damage.
The ball python barely misses you.
The ball python barely misses you. x2; The ball python closely misses you.
The ball python grabs you. The ball python constricts you.
Cleave: a) +0 hand axe
Press: ? - help, Dir - move target, f - bullfrog
Aim: a bullfrog (haloed, about 27% to evade your +0 hand axe)
You barely miss the bullfrog. You closely miss the ball python.
The ball python loses its grip on you.
The bullfrog hits you but does no damage. x2
The adder barely misses you.
Cleave: a) +0 hand axe
Press: ? - help, Dir - move target, f/p - bullfrog
Aim: a bullfrog (haloed, about 27% to evade your +0 hand axe)
You barely miss the bullfrog. You completely miss the adder.
The bullfrog hits you but does no damage.
The adder barely misses you. The ball python closely misses you. x2
Cleave: a) +0 hand axe
Press: ? - help, Dir - move target, f/p - bullfrog
Aim: a bullfrog (haloed, about 27% to evade your +0 hand axe)
You hit the bullfrog.
The bullfrog is lightly wounded.
You hit the ball python but do no damage.
You hit the adder. The adder completely misses you. The bullfrog hits you.
The ball python bites you. The ball python misses you. The bullfrog hits you.
Okay, then.
Okay, then.
Cleave: a) +0 hand axe
Press: ? - help, Dir - move target, f/p - bullfrog
Aim: a bullfrog (water, lightly wounded, haloed, about 27% to evade your +0 hand axe)
You hit the bullfrog.
The bullfrog is moderately wounded.
You closely miss the adder. You hit the bullfrog. You hit the frilled lizard.
You kill the frilled lizard!
You hit the ball python.
You kill the ball python!
The bullfrog hits you. x2
* * * LOW HITPOINT WARNING * * *
The adder closely misses you. The bullfrog barely misses you.
The bullfrog closely misses you. The adder misses you.
Cleave: a) +0 hand axe
Press: ? - help, Dir - move target, f/p - bullfrog
Aim: a bullfrog (water, moderately wounded, haloed, about 27% to evade your +0 hand axe)
You slash the bullfrog!
The bullfrog is severely wounded.
You barely miss the adder. You hit the bullfrog.
The bullfrog closely misses you. x2; The bullfrog barely misses you.
The adder bites you but does no damage. The bullfrog barely misses you.
Cleave: a) +0 hand axe
Press: ? - help, Dir - move target, f/p - bullfrog
Aim: a bullfrog (water, severely wounded, haloed, about 27% to evade your +0 hand axe)
You hit the bullfrog.
The bullfrog is almost dead.
You barely miss the ball python. You barely miss the bullfrog.
You hit the adder. You hit the frilled lizard.
You kill the frilled lizard!
The ball python closely misses you. The ball python misses you.
The bullfrog hits you.
* * * LOW HITPOINT WARNING * * *
The adder barely misses you.
The bullfrog hits you but does no damage.
The ball python bites you but does no damage.
The ball python grabs you. The ball python constricts you.
Cleave: a) +0 hand axe
Press: ? - help, Dir - move target, f/p - bullfrog
Aim: a bullfrog (water, almost dead, haloed, about 27% to evade your +0 hand axe)
You completely miss the bullfrog.
The bullfrog is almost dead.
You barely miss the adder. You hit the ball python.
You kill the ball python!
You hit the bullfrog.
The bullfrog hits you but does no damage.
The bullfrog barely misses you. The adder misses you. The bullfrog hits you.
* * * LOW HITPOINT WARNING * * *
The ball python barely misses you. The ball python grabs you.
The ball python constricts you.
* * * LOW HITPOINT WARNING * * *
The bullfrog completely misses you. The adder closely misses you.
Cleave: a) +0 hand axe
Press: ? - help, Dir - move target, f/p - bullfrog
Aim: a bullfrog (water, almost dead, haloed, about 27% to evade your +0 hand axe)
Okay, then.
Unknown command.
You escape the ball python's grasp.
The bullfrog hits you but does no damage.
The bullfrog hits you.
* * * LOW HITPOINT WARNING * * *
Cleave: a) +0 hand axe
Press: ? - help, Dir - move target, f - ball python, p - bullfrog
Aim: a ball python (haloed, about 23% to evade your +0 hand axe)
You slash the ball python!
You kill the ball python!
You barely miss the adder. You hit the bullfrog but do no damage.
You hit the bullfrog.
You kill the bullfrog!
The bullfrog closely misses you. The adder closely misses you.
The bullfrog hits you.
* * * LOW HITPOINT WARNING * * *
The adder barely misses you.
You have reached level 5!
Cleave: a) +0 hand axe
Press: ? - help, Dir - move target, f - adder
Aim: an adder (water, severely wounded, haloed, about 37% to evade your +0 hand axe)
You hit the adder.
The adder is severely wounded.
You completely miss the bullfrog. The bullfrog barely misses you.
The adder barely misses you.
The bullfrog hits you but does no damage.
Cleave: a) +0 hand axe
Press: ? - help, Dir - move target, f/p - adder
Aim: an adder (water, severely wounded, haloed, about 37% to evade your +0 hand axe)
You closely miss the adder.
The adder is severely wounded.
You hit the bullfrog. The adder bites you.
* * * LOW HITPOINT WARNING * * *
The bullfrog closely misses you.
Cleave: a) +0 hand axe
Press: ? - help, Dir - move target, f/p - adder
Aim: an adder (water, severely wounded, haloed, about 37% to evade your +0 hand axe)
You hit the adder.
You kill the adder!
You hit the bullfrog but do no damage. The bullfrog barely misses you.
The bullfrog hits you but does no damage.
Cleave: a) +0 hand axe
Press: ? - help, Dir - move target, f - bullfrog
Aim: a bullfrog (heavily wounded, haloed, about 27% to evade your +0 hand axe)
You barely miss the bullfrog.
The bullfrog is heavily wounded.
The bullfrog hits you but does no damage.
The bullfrog closely misses you.
Cleave: a) +0 hand axe
Press: ? - help, Dir - move target, f/p - bullfrog
Aim: a bullfrog (heavily wounded, haloed, about 27% to evade your +0 hand axe)
You hit the bullfrog.
The bullfrog is heavily wounded.
The bullfrog barely misses you.
Cleave: a) +0 hand axe
Press: ? - help, Dir - move target, f/p - bullfrog
Aim: a bullfrog (heavily wounded, haloed, about 27% to evade your +0 hand axe)
You barely miss the bullfrog.
The bullfrog is heavily wounded.
The bullfrog hits you.
You die...

.~~~##
#..##..~...#
≈~~≈≈#
#####≈~~≈≈≈#
≈~≈≈≈#
#≈~~≈≈~#
~~~~~#
#≈≈~~≈≈#
≈≈≈~~#
#≈≈~~≈≈#
≈≈~~~#
#≈~≈~≈≈#
..~~##
#≈≈≈~#≈#
~..~≈#
#≈≈≈≈~≈#
...~≈#
#≈≈≈≈@~#
~≈≈≈≈#
#≈≈≈~F≈#
≈≈~≈≈#
#≈≈≈≈†~#
~~~≈≈#
#≈≈≈~#~#
~≈~~≈#
#≈~~~~≈#
≈~~~≈#
#≈≈~≈~≈#
≈≈~~≈#
#≈~~~≈≈#
~~≈~~#
#~~≈~~≈#
.~..##
#...~.##


You could see a bullfrog.

Vanquished Creatures
  A bullfrog (Sewer)
  4 adders (Sewer)
  A river rat (Sewer)
  A dart slug (D:2)
  2 ribbon worms (D:3)
  13 ball pythons
  3 bats (D:2)
  2 endoplasms (D:3)
  2 giant cockroaches (D:3)
  A goblin (D:1)
  4 hobgoblins
  2 jackals (D:2)
  A quokka (D:3)
  5 frilled lizards
  3 kobolds
  16 rats
61 creatures vanquished.

Notes
Turn   | Place    | Note
-------+----------+-------------------------------------------
     0 | D:1      | jagoly the Gargoyle Monk began the quest for the Orb.
     0 | D:1      | Reached XP level 1. HP: 14/14 MP: 1/1
   125 | D:2      | Reached XP level 2. HP: 18/19 MP: 2/2
   238 | D:2      | Reached skill level 1 in Stealth
   292 | D:3      | Found a blossoming altar of Fedhas.
   320 | D:3      | Found a basalt altar of Yredelemnul.
   395 | D:3      | Reached XP level 3. HP: 17/23 MP: 3/3
   671 | D:3      | Found Text's Book Shoppe.
   795 | D:3      | Found a glowing drain.
   815 | Sewer    | Entered a sewer
   885 | Sewer    | Reached XP level 4. HP: 25/29 MP: 4/4
   998 | Sewer    | Noticed a bullfrog
   999 | Sewer    | Noticed a bullfrog
  1009 | Sewer    | Killed a bullfrog
  1010 | Sewer    | Reached XP level 5. HP: 6/33 MP: 5/5
  1015 | Sewer    | Slain by a bullfrog

Illustrated notes

Levels and vault maps discovered:
D:1:      lightli_arrival_maybe_door_vault, layout_loops_ring,
          hangedman_decor_push, minmay_pentomino_w4
D:2:      layout_basic, nicolae_ecumenical_oubliette
D:3:      layout_loops_cross, mainiacjoe_overflow_concentric_impassable,
          lemuel_tele_altar, cheibrodos_sewer_entry_bend, serial_shops,
          nicolae_shop_tiny_waterfront
D:4:      layout_basic, grunt_ministairs_1
Sewer:    sewer_minmay_w

Skill      XL: |  1  2  3  4 |
---------------+-------------+-----
Axes           | 3 4 |  4.8
Stealth        | 1 2 |  2.0
Fighting       | 4 |  4.0
Dodging        | |  2.4

Action                     |  1- 3 |  4- 6 || total
---------------------------+-------+-------++-------
  Melee: Hand axe          |    96 |    44 ||   140
 Armour: Robe              |    48 |    43 ||    91
  Dodge: Dodged            |    92 |    53 ||   145
